 Dungeon Crawl Stone Soup version 0.22-a0-402-ga933591 (webtiles) character file.

33 realtime30ordie the Chopper (level 3, -4/33 HPs)
             Began as a Minotaur Berserker on May 7, 2018.
             Was a Follower of Trog.
             Slain by a worker ant (5 damage)
             ... on level 3 of the Dungeon.
             The game lasted 00:00:58 (719 turns).

realtime30ordie the Chopper (Minotaur Berserker)     Turns: 719, Time: 00:00:59

Health: -4/33      AC:  2    Str: 22    XL:     3   Next: 12%
Magic:  2/2        EV: 12    Int:  4    God:    Trog [*.....]
Gold:   32         SH:  2    Dex:  9    Spells: 2/2 levels left

rFire    . . .     SeeInvis .   a - +0 hand axe
rCold    . . .     Gourm    .   k - +0 buckler (curse)
rNeg     . . .     Faith    .   b - +0 animal skin
rPois    .         Spirit   .   (helmet restricted)
rElec    .         Reflect  .   (no cloak)
rCorr    .         Harm     .   (no gloves)
MR       .....                  (no boots)
Stlth    +.........             (no amulet)
HPRegen  0.11/turn              (no ring)
MPRegen  0.08/turn              (no ring)

@: lethally poisoned (-4 -> -5), berserk cooldown, slowed, very slow
A: retaliatory headbutt, horns 2
a: Berserk, Renounce Religion


You were on level 3 of the Dungeon.
You worshipped Trog.
Trog was aware of your devotion.
You were not hungry.

You visited 1 branch of the dungeon, and saw 3 of its levels.

You collected 32 gold pieces.

Inventory:

Hand Weapons
 a - a +0 hand axe (weapon)
Armour
 b - a +0 animal skin (worn)
 k - a cursed +0 buckler (worn)
   (You found it on level 1 of the Dungeon)
Scrolls
 c - a scroll of magic mapping {unknown}
 f - a scroll of teleportation {unknown}
 h - a scroll of amnesia {unknown}
 i - a scroll of remove curse {unknown}
 j - a scroll of identify {unknown}
Potions
 g - a potion of flight {unknown}
Comestibles
 d - 2 chunks of flesh
 e - a ration


   Skills:
 + Level 4.1 Fighting
 + Level 4.1 Axes
 + Level 3.0 Armour
 + Level 2.7 Dodging


You had 2 spell levels left.
You didn't know any spells.

Dungeon Overview and Level Annotations

Branches:
Dungeon (3/15)

Altars:


Innate Abilities, Weirdness & Mutations

You reflexively headbutt those who attack you in melee.
You have a pair of horns on your head.


Message History

Your Fighting skill increases to level 4!
You closely miss the goblin. The goblin hits you with a club.
You slash the goblin!
You kill the goblin!
Trog accepts your kill.
You slash the hobgoblin!
You kill the hobgoblin!
Trog accepts your kill.
You start resting.
You feel a strong urge to attack something.
You feel your anger nearly subside.
You are no longer berserk.
You are exhausted.
You feel yourself slow down.
You start resting.
An adder comes into view.
An adder is nearby!
An adder is nearby!
An adder is nearby!
The adder hisses angrily.
A worker ant comes into view.
The worker ant twitches its antennae in your direction.
Okay, then.
Unknown command.
Wield which item (- for none, * to show all)? (? for menu, Esc to quit)
Okay, then.
Save game and exit?
Okay, then.
Your shield prevents you from hitting the adder.
Your headbutt misses the adder. The adder bites you.
You are poisoned.
The adder poisons you! The adder bites you.
You completely miss the adder.
You kill the adder!
Trog accepts your kill.
Your Armour skill increases to level 3!
You have reached level 3!
Your experience leads to an increase in your attributes!
Increase (S)trength, (I)ntelligence, or (D)exterity?
You feel stronger.
You feel sick.
An orc comes into view. It is wielding a flail.
You barely miss the worker ant. The worker ant closely misses you.
You furiously retaliate!
You headbutt the worker ant! The worker ant barely misses you.
You barely miss the worker ant.
You feel sick.
The orc shouts!
The worker ant bites you.
* * * LOW HITPOINT WARNING * * *
The worker ant bites you.
You die...

.... .. .# #..#
.#...#....
..##..#.......
########...# ...#...
. .......<...###....#
..
########............#
##<##....##.##
#?#....o.....
#..@..††# #.a.....#
......###†#)....#
..###..#......###
......#..##
......<..(#
.......$.....
...........##.#
#.........# .#


You could see a worker ant and an orc.

Vanquished Creatures
  An adder (D:3)
  A leopard gecko (D:1)
  A ball python (D:1)
  5 hobgoblins
  A kobold (D:2)
  A quokka (D:2)
  5 bats
  A frilled lizard (D:1)
  3 goblins
  3 rats
22 creatures vanquished.

Notes
Turn   | Place    | Note
-------+----------+-------------------------------------------
     0 | D:1      | realtime30ordie the Minotaur Berserker began the quest for the Orb.
     0 | D:1      | Reached XP level 1. HP: 19/19 MP: 0/0
   197 | D:1      | Reached XP level 2. HP: 12/27 MP: 1/1
   717 | D:3      | Reached XP level 3. HP: 6/33 MP: 2/2
   719 | D:3      | HP: 1/33 [worker ant (4)]
   719 | D:3      | Slain by a worker ant

Vault maps used:
D:1:      tarquinn_simple_flora_water_c, hangedman_glass_teeth,
          roderic_serpentine_path, lexackson_kobold_supper
D:2:      lemuel_zombie_altar_yredelemnul, old_standard_altar, uniq_natasha,
          uniq_sigmund, uniq_jessica

Skill      XL: |  1  2 |
---------------+-------+-----
Axes           | 4 |  4.1
Fighting       | 4 |  4.1
Armour         | 3 |  3.0
Dodging        | |  2.7

Action                   || total
-------------------------++-------
Melee: Hand axe          ||    51
       Headbutt          ||     6
Invok: Berserk           ||     1
Armor: Animal skin       ||    15
Dodge: Dodged            ||    33
Block: Buckler           ||     3

Table legend:
 A = Spawn XP
 B = Non-spawn XP
 C = Spawn XP percentage of total XP
 D = Spawn monster count
 E = Non-spawn monster count
 F = Spawn count percentage of total count
 G = Total turns spent on level
                    A         B        C        D         E        F      G
               +---------+---------+-------+---------+---------+-------+---------
         Total |       0 |      48 |   0.0 |       0 |      22 |   0.0 |   719
               +---------+---------+-------+---------+---------+-------+---------
           D:1 |       0 |      20 |   0.0 |       0 |      12 |   0.0 |   649
           D:2 |       0 |       6 |   0.0 |       0 |       4 |   0.0 |    34
           D:3 |       0 |      22 |   0.0 |       0 |       6 |   0.0 |    36
               +---------+---------+-------+---------+---------+-------+---------
